Map: Alcyone LE

Players

TalonDark (Dark)

  • Race: Zerg Zerg
  • League: Master
  • Spawn Location: 1:00

Classic - Winner!

  • Race: Protoss Protoss
  • Spawn Location: 7:00

VOD

Have the link to the VOD?

Description

Time

  • Played on: July 5, 2024, 11:31 p.m.
  • Length: 11:19
Show
View Real Time Build Order
Export as new Build Order

TalonDark Zerg 

Build Orders: Hatch First, Roach Hydra 

Get SALT Encoding   

  12  0:00  Drone  
  13  0:12  Overlord  
  13  0:18  Drone  
  14  0:32  Drone x2  
  16  0:50  Hatchery  
  16  0:54  Drone  
  16  0:55  Drone  
  17  0:59  Drone  
  18  1:10  Extractor  
  17  1:14  Spawning Pool  
  17  1:16  Drone  
  17  1:20  Drone  
  18  1:30  Drone  
  19  1:39  Drone  
  20  1:51  Drone  
  21  2:01  Queen x2  
  21  2:02  Zergling x2  
  21  2:03  Overlord  
  26  2:12  Metabolic Boost  
  26  2:21  Drone  
  27  2:27  Drone x2  
  29  2:30  Drone  
  29  2:36  Hatchery  
  29  2:42  Zergling x2  
  29  2:43  Zergling x2  
  31  2:48  Queen  
  33  2:54  Overlord  
  33  2:55  Drone  
  34  2:59  Drone x2  
  36  3:12  Drone  
  36  3:13  Drone x5  
  36  3:18  Queen  
  43  3:22  Overlord  
  43  3:32  Drone, Spore Crawler  
  43  3:36  Overlord  
  43  3:40  Queen  
  45  3:42  Drone x2  
  45  3:43  Drone  
  45  3:46  Drone x2  
  50  3:50  Spore Crawler  
  50  3:52  Zergling x4  
  50  3:54  Drone  
  52  3:57  Drone  
  52  3:59  Drone  
  54  4:07  Drone  
  54  4:08  Drone x2  
  57  4:10  Queen  
  57  4:13  Lair  
  57  4:15  Drone  
  57  4:16  Drone  
  61  4:18  Drone  
  61  4:20  Drone x2  
  64  4:25  Overlord  
  64  4:27  Extractor x2  
  64  4:29  Overlord  
  64  4:30  Zergling x4  
  64  4:32  Zergling x2  
  64  4:38  Extractor  
  61  4:43  Spore Crawler  
  61  4:44  Drone x5  
  64  4:49  Zergling x8  
  64  4:52  Drone  
  71  4:56  Drone x2  
  71  4:58  Queen  
  75  5:12  Nydus Network  
  74  5:16  Queen x2  
  78  5:21  Drone  
  78  5:22  Drone  
  78  5:25  Zergling x4  
  78  5:27  Overlord  
  82  5:32  Overlord  
  82  5:34  Overlord  
  82  5:40  Overlord  
  81  5:44  Zergling x2  
  81  5:45  Overlord  
  83  5:50  Nydus Canal  
  83  5:51  Zergling x6  
  83  5:52  Zergling x8  
  83  5:54  Zergling x4  
  90  6:03  Zergling x16, Roach Warren  
  98  6:10  Zergling x2  
  98  6:11  Zergling x2  
  92  6:19  Drone x3  
  92  6:22  Hatchery  
  88  6:26  Drone x5  
  88  6:28  Evolution Chamber, Drone  
  88  6:29  Drone x2  
  88  6:32  Drone x2  
  97  6:36  Drone  
  97  6:37  Drone  
  99  6:45  Evolution Chamber  
  99  6:46  Extractor x2, Glial Reconstitution  
  96  6:48  Roach x3  
  96  6:53  Drone  
  103  6:57  Roach x5  
  103  6:58  Drone x3  
  103  7:00  Drone  
  117  7:01  Zerg Missile Weapons Level 1  
  117  7:03  Drone x2  
  117  7:04  Extractor  
  117  7:06  Drone  
  119  7:11  Zerg Ground Armor Level 1  
  119  7:12  Roach  
  121  7:17  Overlord  
  121  7:18  Overlord  
  121  7:21  Overlord  
  121  7:26  Roach  
  122  7:30  Overlord  
  122  7:32  Overlord  
  122  7:34  Infestation Pit  
  122  7:35  Overlord  
  122  7:36  Drone x2  
  122  7:37  Drone x3  
  124  7:40  Drone x2  
  124  7:42  Drone x2  
  130  7:47  Drone x2  
  130  7:49  Hydralisk Den  
  131  7:52  Roach x3  
  131  7:54  Overseer  
  135  8:06  Roach x7  
  135  8:11  Roach  
  135  8:12  Roach x2  
  146  8:16  Drone x3  
  146  8:17  Roach  
  139  8:26  Roach  
  135  8:29  Roach  
  138  8:34  Drone x9  
  138  8:39  Drone x2  
  148  8:46  Hive  
  148  8:47  Grooved Spines  
  148  8:49  Lurker Den  
  148  8:51  Extractor  
  148  8:52  Extractor  
  148  8:55  Spore Crawler  
  144  8:56  Drone  
  144  8:57  Drone x2  
  144  9:01  Pneumatized Carapace  
  147  9:03  Drone x3  
  149  9:19  Overseer  
  149  9:26  Hydralisk x3  
  149  9:27  Hydralisk x3  
  149  9:30  Hydralisk x2  
  165  9:36  Hatchery  
  165  9:38  Muscular Augments  
  164  9:43  Drone x2  
  163  9:54  Hydralisk x2  
  163  9:55  Hydralisk  
  163  9:57  Hydralisk x2  
  173  10:00  Hydralisk  
  173  10:05  Hydralisk x3  
  167  10:09  Hydralisk x5  
  167  10:12  Drone x2  
  170  10:14  Drone x2  
  170  10:16  Hydralisk  
  170  10:18  Overlord  
  170  10:20  Roach  
  171  10:25  Roach x2  
  169  10:31  Roach x4  
  169  10:33  Ravager x3  
  169  10:34  Ravager  
  172  10:36  Roach  
  172  10:37  Roach  
  172  10:39  Roach  
  166  10:46  Roach x3  
  166  10:47  Roach  
  166  10:49  Roach  
  145  10:51  Roach  
  145  10:53  Hydralisk  
Show
View Real Time Build Order
Export as new Build Order

Classic Protoss - Winner!

Build Orders: 1 Gate Expand, Oracle Opening, Archon Immortal 

Get SALT Encoding   

  12  0:00  Probe  
  13  0:12  Probe  
  14  0:18  Pylon  
  14  0:24  Probe  
  15  0:36  Probe (Chrono Boost)  
  15  0:37  Gateway  
  16  0:46  Assimilator, Probe (Chrono Boost)  
  17  0:51  Probe (Chrono Boost)  
  18  1:03  Probe  
  19  1:15  Probe  
  20  1:23  Nexus  
  20  1:27  Probe  
  21  1:37  Cybernetics Core  
  21  1:40  Probe  
  21  1:45  Assimilator  
  22  1:51  Pylon  
  22  1:54  Probe  
  23  2:09  Probe  
  23  2:13  Adept (Chrono Boost)  
  26  2:21  Probe  
  26  2:22  Stargate  
  27  2:28  Warp Gate  
  26  2:34  Adept, Probe x2 (Chrono Boost)  
  30  2:44  Probe x2 (Chrono Boost)  
  32  2:49  Probe x2 (Chrono Boost)  
  34  3:00  Probe  
  34  3:01  Probe  
  34  3:02  Oracle (Chrono Boost)  
  39  3:10  Pylon  
  39  3:13  Probe x2  
  39  3:16  Adept  
  43  3:21  Gateway  
  43  3:25  Probe x2  
  45  3:29  Oracle (Chrono Boost)  
  48  3:38  Probe x2  
  50  3:49  Nexus  
  50  3:52  Pylon  
  50  4:02  Twilight Council  
  50  4:07  Assimilator  
  50  4:09  Assimilator  
  52  4:12  Gateway  
  52  4:14  Gateway  
  52  4:15  Probe x2  
  52  4:21  Adept x2  
  56  4:25  Pylon  
  56  4:27  Probe  
  56  4:30  Probe  
  58  4:34  Resonating Glaives (Chrono Boost)  
  58  4:45  Adept x2  
  62  4:49  Pylon, Probe x2  
  64  4:55  Robotics Facility  
  64  5:01  Probe x3  
  67  5:08  Adept x3  
  67  5:10  Adept  
  75  5:15  Probe x3  
  75  5:20  Shield Battery  
  78  5:27  Probe x3  
  81  5:34  Adept x4  
  89  5:42  Pylon  
  87  5:44  Pylon  
  85  5:57  Adept x2  
  85  5:58  Adept x2  
  85  6:00  Probe x3  
  85  6:03  Immortal (Chrono Boost)  
  96  6:04  Pylon  
  96  6:11  Shield Battery  
  100  6:17  Adept  
  100  6:18  Adept x2  
  100  6:19  Adept  
  106  6:28  Shield Battery, Probe  
  106  6:29  Pylon, Probe x2  
  109  6:41  Probe x3  
  109  6:42  Pylon  
  109  6:43  Adept x2  
  116  6:47  Adept x2  
  116  6:51  Forge  
  120  6:54  Pylon  
  120  6:55  Pylon, Probe x3  
  123  7:04  Gateway  
  123  7:06  Gateway  
  123  7:10  Gateway  
  123  7:14  Templar Archives  
  123  7:15  Charge, Gateway  
  123  7:17  Assimilator  
  123  7:18  Assimilator  
  123  7:19  Probe x3  
  123  7:20  Protoss Ground Weapons Level 1 (Chrono Boost)  
  123  7:22  Sentry x4  
  134  7:31  Probe x3  
  134  7:33  Psionic Storm  
  134  7:35  Pylon  
  134  7:36  Immortal (Chrono Boost)  
  134  7:37  Pylon  
  141  7:44  Pylon  
  141  7:52  High Templar x2  
  141  7:55  Pylon  
  143  8:06  High Templar x2, Zealot x3  
  148  8:13  Immortal (Chrono Boost)  
  142  8:30  High Templar x2  
  142  8:31  Zealot x4  
  142  8:32  Nexus  
  140  8:38  Shield Battery x2  
  140  8:40  Pylon  
  140  8:46  Immortal (Chrono Boost)  
  144  8:49  Robotics Facility  
  144  8:50  Zealot x2  
  144  8:54  Pylon, Probe x3  
  151  9:01  Zealot  
  153  9:02  High Templar  
  153  9:03  High Templar, Zealot x3  
  160  9:10  Archon  
  160  9:14  Pylon  
  160  9:15  Assimilator  
  160  9:18  Warp Prism (Chrono Boost)  
  160  9:20  Assimilator  
  162  9:33  Immortal (Chrono Boost)  
  166  9:41  High Templar x2  
  166  9:42  Zealot x4  
  166  9:44  Immortal (Chrono Boost), Zealot  
  184  9:45  Archon  
  176  9:53  Zealot  
  168  10:08  Zealot x2  
  168  10:09  Zealot x3  
  168  10:14  Zealot x3  
  176  10:22  Immortal x2  
  170  10:36  Zealot x8  
  136  10:57  Zealot x5  
  136  10:58  Zealot x3  
  136  11:01  Archon  
  136  11:02  Archon  
Tags
 
Add a new tag
Caveats
  • Supply blocks, unpowered buildings, or Contaminate may cause inaccurate times.
  • Supply counts are checked every 10 seconds.